 Dungeon Crawl Stone Soup version 0.30-a0-630-g881e3bac89 (webtiles) character file.

Game seed: 15080599983110510372

844 M4edhros the Ruffian (level 7, -13/71 HPs)
             Began as a Troll Monk on Jan 13, 2023.
             Was an Initiate of Gozag.
             Mangled by a hornet (15 damage)
             ... while paralysed by a hornet
             ... on level 5 of the Dungeon.
             The game lasted 00:03:12 (3745 turns).

M4edhros the Ruffian (Troll Monk)                   Turns: 3745, Time: 00:03:13

Health: -13/71     AC:  4    Str: 20    XL:     7   Next: 68%
Magic:  6/6        EV:  1    Int:  6    God:    Gozag
Gold:   591        SH:  0    Dex: 14    Spells: 6/6 levels left

rFire   + . .      SeeInvis .      - Unarmed
rCold   x . .      Faith    .    (no shield)
rNeg    + . .      Spirit   .    a - +0 robe
rPois   .          Reflect  .    (helmet restricted)
rElec   .          Harm     .    (no cloak)
rCorr   .          Rampage  .    (gloves unavailable)
Will    .....                    (boots unavailable)
Stlth   ++                       (no amulet)
HPRegen 1.11/turn                n - ring of positive energy
MPRegen 0.10/turn                h - ring of fire

@: paralysed, lethally poisoned (-13 -> -16), slowed
A: large, unfitting armour, claws 3, regeneration 1, shaggy fur 1, tough skin 1
a: Renounce Religion, Potion Petition, Call Merchant, Bribe Branch


You were on level 5 of the Dungeon.
You worshipped Gozag.
Gozag was pleased with you.
You visited 2 branches of the dungeon, and saw 6 of its levels.

You collected 591 gold pieces.

Inventory:

Missiles
 m - 4 silver javelins (quivered)
Armour
 a - a +0 robe (worn)
Magical Staves
 u - a staff of fire
Jewellery
 h - a ring of fire (right claw)
 n - a ring of positive energy (left claw)
 t - a +6 ring of strength
Wands
 f - a wand of iceblast (14)
Scrolls
 g - 5 scrolls of identify {unknown}
 i - 3 scrolls of teleportation {unknown}
 j - a scroll of brand weapon {unknown}
 k - a scroll of silence {unknown}
 l - a scroll of magic mapping {unknown}
 q - a scroll of immolation {unknown}
 r - a scroll of noise {unknown}
 s - a scroll of fear {unknown}
Potions
 b - a potion of ambrosia
 c - 2 potions of lignification {unknown}
 d - 3 potions of heal wounds
 e - a potion of curing {unknown}
 o - a potion of flight {unknown}
 p - a potion of mutation {unknown}


   Skills:
 + Level 4.6 Fighting
 + Level 4.6 Dodging
 - Level 1.9 Stealth
 + Level 5.6 Unarmed Combat


You had 6 spell levels left.
You didn't know any spells.
Your spell library contained the following spells:

 Spells                   Type           Power      Damage    Failure   Level
 Sting                    Tmut/Pois      0%         1d3       45%         1
 Poisonous Vapours        Pois/Air       0%         N/A       58%         2
 Olgreb's Toxic Radiance  Pois           0%         N/A       99%         4


Dungeon Overview and Level Annotations

Branches:
Dungeon (5/15)             Temple (1/1) D:4

Altars:
Ashenzari
Dithmenos
Elyvilon
Gozag
Hepliaklqana
Kikubaaqudgha
Okawaru
Qazlal
Ru
Trog
Uskayaw
Wu Jian

Shops:
D:2 *   D:3 *


Innate Abilities, Weirdness & Mutations

You are too large for most types of armour.
You have claws for hands.
Your natural rate of healing is unusually fast.
You are covered in fur. (AC +1)
You have tough skin. (AC +1)


Message History

The hornet barely misses you. The hornet stings you!
You feel as though you will be slow longer.
Aiming: Iceblast
Press: ? - help, Shift-Dir - straight line The mass of ice explodes!
The iceblast engulfs the hornet!
The hornet is moderately wounded.
You hear a shout! x2
The hornet stings you.
You feel as though you will be slow longer.
The hornet stings you.
You are poisoned.
You feel as though you will be slow longer.
The hornet stings you.
You are more poisoned.
You feel as though you will be slow longer.
Aiming: Iceblast
Press: ? - help, Shift-Dir - straight line The mass of ice explodes!
The iceblast engulfs the hornet!
The hornet is heavily wounded.
You feel extremely sick. The hornet stings you.
You feel as though you will be slow longer.
The hornet misses you.
Aiming: Iceblast
Press: ? - help, Shift-Dir - straight line The mass of ice explodes!
The iceblast engulfs the hornet.
The hornet is severely wounded.
You feel very sick. The hornet stings you.
* * * LOW HITPOINT WARNING * * *
You suddenly lose the ability to move!
The hornet stings you.
* * * LOW HITPOINT WARNING * * *
You feel as though you will be slow longer.
You feel very sick. The hornet stings you!
* * * LOW HITPOINT WARNING * * *
You feel as though you will be slow longer.
The hornet stings you!
You die...
Your body crumbles into a pile of gold.

###+#.......#
#...........+
#...........#
#...........#
#...........#
#...........#
#...y.......#######
#....@.....<.......
#..................
#..................
#..................
#..................
#..................
#.......$...#######
#...........#
#...........#


You could see a hornet.

Vanquished Creatures
  A black bear (D:4)
  An ogre (D:4)
  3 necrophages (D:4)
  A wight (D:4)
  A human zombie (D:4)
  An orc priest (D:4)
  2 scorpion zombies (D:4)
  Terence (D:2)
  3 iguanas
  2 hound zombies (D:4)
  A howler monkey zombie (D:4)
  2 mummies (D:4)
  A gnoll (D:4)
  6 adders
  A shadow imp (D:4)
  An adder zombie (D:4)
  A worm (D:4)
  6 dart slugs
  An orc (D:3)
  7 ball pythons
  4 bats
  5 endoplasms
  7 giant cockroaches
  9 goblins
  6 hobgoblins
  3 jackals (D:4)
  2 quokkas
  2 frilled lizards (D:1)
  7 kobolds
  5 rats
93 creatures vanquished.

Notes
Turn   | Place    | Note
-------+----------+-------------------------------------------
     0 | D:1      | M4edhros the Troll Monk began the quest for the Orb.
     0 | D:1      | Reached XP level 1. HP: 22/22 MP: 0/0
   135 | D:2      | Reached XP level 2. HP: 29/29 MP: 1/1
   259 | D:2      | Noticed Terence
   268 | D:2      | Killed Terence
   269 | D:2      | Reached XP level 3. HP: 27/36 MP: 2/2
   282 | D:2      | Found Peabbeum's Assorted Antiques.
   384 | D:3      | Found an iron altar of Okawaru.
   511 | D:3      | Reached XP level 4. HP: 44/44 MP: 3/3
   613 | D:3      | Found Lesch's General Store.
   673 | D:3      | Identified the +1 pair of boots "Neeces" {rF+ rCorr MP+9
                  | Int-2}
   915 | D:4      | Found a staircase to the Ecumenical Temple.
   917 | D:4      | Noticed a necrophage
   928 | D:4      | Killed a necrophage
   929 | D:4      | Reached skill level 4 in Unarmed Combat
   929 | D:4      | Reached XP level 5. HP: 28/53 MP: 4/4
   937 | Temple   | Entered the Ecumenical Temple
  1181 | Temple   | Became a worshipper of Gozag Ym Sagoz the Greedy
  2020 | D:2      | Found an ancient bone altar of Kikubaaqudgha.
  2640 | D:4      | Noticed a black bear
  2645 | D:4      | Killed a black bear
  2646 | D:4      | Reached XP level 6. HP: 49/61 MP: 5/5
  3382 | D:4      | Reached XP level 7. HP: 52/70 MP: 6/6
  3412 | D:4      | Reached skill level 5 in Unarmed Combat
  3463 | D:4      | Found an ancient bone altar of Kikubaaqudgha.
  3733 | D:5      | Entered Level 5 of the Dungeon
  3736 | D:5      | Noticed a hornet
  3744 | D:5      | Paralysed by a hornet for 2 turns
  3745 | D:5      | HP: 2/71 [hornet (12)]
  3745 | D:5      | Mangled by a hornet

Illustrated notes

Levels and vault maps discovered:
D:1:      dpeg_arrival_signposts, layout_basic
D:2:      layout_basic, basic_altar, serial_shops, shop,
          minmay_goblin_kobold_house, uniq_terence
D:3:      layout_loops_ring, okawaru_metal_pillars_1_2, serial_shops,
          shop_statue, serial_bayou_pond_e
D:4:      minmay_razor_zed, layout_gridville,
          lemuel_mausoleum_altar_kikubaaqudgha,
          minmay_temple_entry_proselytizer, minmay_bisected
D:5:      layout_gridville
Temple:   dpeg_chambers_temple

Skill      XL: |  1  2  3  4  5  6  7 |
---------------+----------------------+-----
Fighting       | 3 4 |  4.6
Dodging        | 3 4 |  4.6
Unarmed Combat | 4 5 |  5.6
Stealth        | |  1.9

Action                   |  1- 3 |  4- 6 |  7- 9 || total
-------------------------+-------+-------+-------++-------
Melee: Unarmed           |    63 |   143 |    77 ||   283
       Punch             |     1 |     5 |     4 ||    10
Evoke: Wand              |       |       |     3 ||     3
 Stab: Sleeping          |       |     1 |     5 ||     6
Armor: Robe              |    27 |    45 |    10 ||    82
Dodge: Dodged            |    38 |    94 |    34 ||   166

Table legend: (Time is in decaauts)
 A = Elapsed time spent in this place.
 B = Non-inter-level travel time spent in this place.
 C = Inter-level travel time spent in this place.
 D = Time resting spent in this place.
 E = Time spent auto-exploring this place.
 F = Levels seen in this place.
 G = Mean time per level.
                   A        B        C        D        E       F      G
               +--------+--------+--------+--------+--------+-----+--------+
         Total |   3724 |   3432 |    292 |      0 |   2718 |   6 |  620.7 |
       Dungeon |   3458 |   3206 |    252 |      0 |   2507 |   5 |  691.6 |
        Temple |    265 |    225 |     40 |      0 |    211 |   1 |  265.0 |
               +--------+--------+--------+--------+--------+-----+--------+

Top non-repeatable levels by time:
     D:4: 1135 daAuts
     D:1: 794 daAuts
     D:3: 760 daAuts
     D:2: 754 daAuts
  Temple: 265 daAuts
     D:5: 13 daAuts
